 Dungeon Crawl Stone Soup version 0.27.0-1-g7a089689b8 (webtiles) character file.

Game seed: 9918296488038622755

2279 dtburroughs the Skirmisher (level 9, -1/120 HPs)
             Began as a Minotaur Berserker on Aug 8, 2021.
             Was a Priest of Trog.
             Succumbed to a hornet's poison
             ... on level 7 of the Dungeon.
             The game lasted 00:11:32 (9024 turns).

dtburroughs the Skirmisher (Minotaur Berserker)     Turns: 9024, Time: 00:11:32

Health: -1/120     AC: 15    Str: 22    XL:     9   Next: 16%
Magic:  8/8        EV: 10    Int:  7    God:    Trog [***...]
Gold:   236        SH:  0    Dex: 10    Spells: 8/8 levels left

rFire    . . .     SeeInvis +   m - +0 war axe
rCold    . . .     Faith    .   (no shield)
rNeg     . . .     Spirit   .   j - +0 chain mail
rPois    .         Reflect  .   (helmet restricted)
rElec    .         Harm     .   l - +0 cloak
rCorr    .         Rampage  .   (no gloves)
Will     ++...                  (no boots)
Stlth    ..........             (no amulet)
HPRegen  1.30/turn              C - ring of see invisible
MPRegen  0.11/turn              F - +4 ring of protection

@: berserking, lethally poisoned (-1 -> -13), strong-willed (expiring),
regenerating (expiring), slowed
A: horns 2, retaliatory headbutt
a: Renounce Religion, Berserk, Trog's Hand


You were on level 7 of the Dungeon.
You worshipped Trog.
Trog was most pleased with you.
You visited 1 branch of the dungeon, and saw 7 of its levels.

You collected 236 gold pieces.

Inventory:

Hand Weapons
 m - a +0 war axe (weapon)
 D - a +2 vorpal flail
Missiles
 s - a throwing net (quivered)
Armour
 j - a +0 chain mail (worn)
 l - a +0 cloak (worn)
Jewellery
 y - a +6 ring of intelligence
 z - a ring of fire
 C - a ring of see invisible (left hand)
 F - a +4 ring of protection (right hand)
Wands
 a - a wand of digging (6)
 r - a wand of paralysis (7)
 E - a wand of flame (19)
Scrolls
 d - 4 scrolls of amnesia {unknown}
 f - a scroll of immolation {unknown}
 g - 3 scrolls of teleportation {unknown}
 h - 2 scrolls of summoning {unknown}
 i - a scroll of enchant weapon {unknown}
 n - a scroll of noise {unknown}
 p - 6 scrolls of identify {unknown}
 t - a scroll of fear {unknown}
 x - a scroll of acquirement {unknown}
 B - a scroll of vulnerability {unknown}
Potions
 b - a potion of mutation {unknown}
 c - 2 potions of cancellation {unknown}
 e - 2 potions of degeneration {unknown}
 k - a potion of resistance {unknown}
 o - 2 potions of magic {unknown}
 q - a potion of ambrosia {unknown}
 u - 2 potions of flight {unknown}
 v - a potion of haste {unknown}
 w - a potion of brilliance {unknown}
 A - 2 potions of berserk rage {unknown}


   Skills:
 + Level 7.7 Fighting
 + Level 7.6 Axes
 + Level 7.2 Armour
 + Level 6.5 Dodging
 + Level 4.0 Evocations


You had 8 spell levels left.
You didn't know any spells.
Your spell library was empty.

Dungeon Overview and Level Annotations

Branches:
Dungeon (7/15)
 Temple: D:4-7

Altars:
Ashenzari
Dithmenos
Fedhas
Gozag
Kikubaaqudgha
Nemelex Xobeh
Okawaru
Sif Muna
Wu Jian
Yredelemnul
Zin

Shops:
D:3 [   D:4 (


Innate Abilities, Weirdness & Mutations

You have a pair of horns on your head.
You reflexively headbutt those who attack you in melee.


Message History

You feel strong-willed.
You feel yourself speed up.
You feel very sick.
The hornet closely misses you. x2; The hornet stings you.
You are more poisoned.
You feel yourself slow down.
You miss the hornet.
The hornet is moderately wounded.
You feel extremely sick. The hornet closely misses you. x2
You slash the hornet! You headbutt the hornet.
The hornet is almost dead.
You feel very sick.
The hornet stings you but does no damage. x2
The hornet stings you.
* * * LOW HITPOINT WARNING * * *
You feel as though you will be slow longer.
A red film seems to cover your vision as you go berserk!
You feel yourself moving faster!
You feel mighty!
You feel very sick.
The hornet stings you but does no damage. x2
You closely miss the hornet.
The hornet is severely wounded.
You feel sick. The hornet stings you!
* * * LOW HITPOINT WARNING * * *
You are more poisoned.
You feel as though you will be slow longer.
The hornet stings you!
* * * LOW HITPOINT WARNING * * *
You are lethally poisoned!
You feel as though you will be slow longer.
You closely miss the hornet.
The hornet is severely wounded.
You feel the effects of Trog's Hand fading.
* * * LOW HITPOINT WARNING * * *
You feel extremely sick.
The hornet stings you but does no damage.
You are too berserk!
You hit the hornet.
The hornet is almost dead.
You die...

...........##...##)####..####'#..
............#...))....#..#.......
............'...).....#..#.......
##..........#.........#..#.......
#.....#####.....##'####+##.....#+
..##### #####................# .
+................#
#####................#
#.....@..............#
.....####y......... ...
...######## . ....# .....#
......# #......# #<.....#


You could see a hornet.

Vanquished Creatures
  A slime creature (D:6)
  A wraith (D:7)
  Edmund (D:6)
  Duvessa (D:4)
  A black bear (D:4)
  A sky beast (D:6)
  2 ogres
  A necrophage (D:6)
  A phantom (D:6)
  A bullfrog (D:6)
  A wyvern zombie (D:6)
  A water moccasin zombie (D:5)
  Dowan (D:4)
  A howler monkey (D:5)
  A centaur zombie (D:5)
  4 jellies
  9 orc priests
  Crazy Yiuf (D:2)
  A centaur skeleton (D:5)
  Terence (D:2)
  4 orc wizards
  13 gnolls
  5 adders
  2 ufetubi
  An adder skeleton (D:4)
  A worm (D:2)
  A dart slug (D:2)
  16 orcs
  3 ball pythons
  20 endoplasms
  7 giant cockroaches
  4 goblins
  5 hobgoblins
  13 jackals
  12 kobolds
  6 quokkas
  6 bats
  3 frilled lizards
  6 rats
160 creatures vanquished.

Vanquished Creatures (others)
  6 fungi (D:6)
  49 plants (D:3)
55 creatures vanquished.

Grand Total: 215 creatures vanquished

Notes
Turn   | Place    | Note
-------+----------+-------------------------------------------
     0 | D:1      | dtburroughs the Minotaur Berserker began the quest for the
                  | Orb.
     0 | D:1      | Reached XP level 1. HP: 19/19 MP: 0/0
   214 | D:1      | Reached XP level 2. HP: 27/27 MP: 1/1
   819 | D:1      | Reached ** piety under Trog
   898 | D:1      | Reached XP level 3. HP: 32/33 MP: 2/2
  1398 | D:2      | Found a blossoming altar of Fedhas.
  1837 | D:2      | Noticed Terence
  1867 | D:2      | Killed Terence
  1868 | D:2      | Reached XP level 4. HP: 41/41 MP: 3/3
  2158 | D:2      | Found a faded altar of an unknown god.
  2515 | D:2      | Found Ytiphesh's Weapon Emporium.
  2549 | D:2      | Found a runed translucent door.
  2550 | D:2      | Noticed Crazy Yiuf
  2723 | D:2      | Killed Crazy Yiuf
  2724 | D:2      | Reached XP level 5. HP: 47/47 MP: 4/4
  2903 | D:3      | HP: 1/70 [orc priest (4)]
  2908 | D:3      | Reached skill level 5 in Fighting
  3206 | D:3      | Found a shadowy altar of Dithmenos.
  3291 | D:3      | Reached skill level 5 in Axes
  3515 | D:3      | Found a basalt altar of Yredelemnul.
  3562 | D:3      | Found Wantib's Antique Armour Shop.
  3596 | D:3      | Reached XP level 6. HP: 50/56 MP: 5/5
  3834 | D:3      | Found a broken altar of Ashenzari.
  3974 | D:3      | Found a shimmering blue altar of Sif Muna.
  4454 | D:3      | Found an ornate altar of the Wu Jian Council.
  4706 | D:4      | Found Tehiasa's Antique Weapon Shop.
  4851 | D:4      | Found an ancient bone altar of Kikubaaqudgha.
  4853 | D:4      | Found an iron altar of Okawaru.
  4891 | D:4      | Reached *** piety under Trog
  4892 | D:4      | Reached skill level 1 in Evocations
  4927 | D:4      | Reached XP level 7. HP: 49/61 MP: 6/6
  4928 | D:4      | Reached skill level 5 in Armour
  5208 | D:4      | Noticed Dowan
  5211 | D:4      | Noticed Duvessa
  5223 | D:4      | Killed Duvessa
  5250 | D:4      | Killed Dowan
  5692 | D:4      | Found a glowing silver altar of Zin.
  5810 | D:5      | Entered Level 5 of the Dungeon
  5938 | D:5      | Found an opulent altar of Gozag.
  5984 | D:5      | Reached skill level 5 in Dodging
  6327 | D:5      | Reached XP level 8. HP: 41/71 MP: 7/7
  7105 | D:5      | Found a sparkling altar of Nemelex Xobeh.
  7765 | D:6      | Noticed a slime creature
  7787 | D:6      | Killed a slime creature
  8543 | D:6      | Reached XP level 9. HP: 62/79 MP: 8/8
  8647 | D:6      | Noticed Edmund
  8660 | D:6      | Killed Edmund
  9015 | D:7      | Paralysed by a hornet for 1 turns
  9023 | D:7      | HP: 4/120 [poisoned by a hornet]
  9024 | D:7      | Succumbed to a hornet's poison

Illustrated notes

Levels and vault maps discovered:
D:1:      saegor_arrival_under_anarchy, layout_basic, dk_noncrumbling_3,
          minmay_worlds_worst_comb
D:2:      layout_loops_corners, basic_altar, basic_ecumenical_altar,
          serial_shops, shop, hangedman_decor_growths, amcnicky_mini_pool_small,
          uniq_terence, uniq_crazy_yiuf_cottage
D:3:      wad_woods_stonehenge, layout_loops_ring,
          nicolae_dithmenos_the_darkroom, mainiacjoe_overflow_24_doors,
          nicolae_wu_jian_immortal_techniques, led_sif_book, serial_shops,
          nicolae_shop_window_shopping, serial_bayou_ford_a,
          lexackson_kobold_supper
D:4:      layout_rooms, chequers_temple_overflow_statue_of_worship,
          zin_scriptorium, serial_shops, shop, uniq_duvessa
D:5:      layout_loops_ring, lemuel_round_altar, mainiacjoe_overflow_alcove_2
D:6:      lemuel_slime, layout_basic, uniq_edmund
D:7:      layout_gridville, mainiacjoe_overflow_surrounded_room,
          minmay_temple_entry_grid, minmay_shop_damaged, minmay_mini_ossuary,
          uniq_menkaure, uniq_pikel

Skill      XL: |  1  2  3  4  5  6  7  8  9 |
---------------+----------------------------+-----
Fighting       | 4 5 6 7 |  7.7
Axes           | 4 5 6 7 |  7.6
Armour         | 3 4 5 6 7 |  7.2
Dodging        | 3 4 5 6 |  6.5
Evocations     | 1 2 3 4 |  4.0

Action                   |  1- 3 |  4- 6 |  7- 9 || total
-------------------------+-------+-------+-------++-------
Melee: Hand axe          |    63 |    62 |       ||   125
       Headbutt          |     8 |    29 |    39 ||    76
       War axe           |       |   107 |   214 ||   321
Invok: Berserk           |     2 |     2 |     3 ||     7
       Trog's Hand       |     1 |     1 |     5 ||     7
Armor: Animal skin       |    18 |       |       ||    18
       Chain mail        |       |   109 |   134 ||   243
Dodge: Dodged            |    51 |    87 |   120 ||   258
